 Dungeon Crawl Stone Soup version 0.29.1-1-gd02db6906a (webtiles) character file.

Game seed: 18084929559977376569

20 Doomgape the Ruffian (level 2, -11/26 HPs)
             Began as a Troll Transmuter on Sept 16, 2022.
             Engulfed by a cloud of flame (29 damage)
             ... on level 1 of the Dungeon.
             The game lasted 00:01:46 (298 turns).

Doomgape the Ruffian (Troll Transmuter)              Turns: 298, Time: 00:01:46

Health: -11/26     AC:  4    Str: 17    XL:     2   Next: 58%
Magic:  2/2        EV:  9    Int:  9    God:
Gold:   62         SH:  0    Dex: 10    Spells: 2/3 levels left

rFire   . . .      SeeInvis .     - Unarmed
rCold   . . .      Faith    .   (no shield)
rNeg    . . .      Spirit   .   a - +0 robe
rPois   .          Reflect  .   (helmet restricted)
rElec   .          Harm     .   (no cloak)
rCorr   .          Rampage  .   (gloves unavailable)
Will    .....                   (boots unavailable)
Stlth   +.........              (no amulet)
HPRegen 0.88/turn               (no ring)
MPRegen 0.08/turn               (no ring)

@: no status effects
A: large, unfitting armour, claws 3, regeneration 1, shaggy fur 1, tough skin 1
a: no special abilities


You were on level 1 of the Dungeon.
You visited 1 branch of the dungeon, and saw 1 of its levels.

You collected 62 gold pieces.

Inventory:

Armour
 a - a +0 robe (worn)
Scrolls
 c - 2 scrolls of identify {unknown}
 d - a scroll of vulnerability {unknown}
 e - a scroll of fear {unknown}
 f - a scroll of teleportation {unknown}
Potions
 b - a potion of lignification
 g - a potion of heal wounds {unknown}
 h - a potion of curing {unknown}


   Skills:
 - Level 0.7 Fighting
 - Level 1.5 Dodging
 + Level 4.0 Unarmed Combat
 - Level 1.2 Spellcasting
 - Level 1.3 Transmutations


You had 2 spell levels left.
You knew the following spells:

 Your Spells              Type           Power      Damage    Failure   Level
a - Beastly Appendage     Tmut           6%         N/A       21%         1

Your spell library contained the following spells:

 Spells                   Type           Power      Damage    Failure   Level
 Wereblood                Tmut           3%         N/A       30%         2
 Magic Dart               Conj           0%         1d3       36%         1
 Call Imp                 Summ           0%         N/A       50%         2
 Spider Form              Tmut/Pois      1%         N/A       63%         3
 Mephitic Cloud           Conj/Pois/Air  0%         N/A       73%         3
 Ice Form                 Ice/Tmut       1%         N/A       95%         4


Dungeon Overview and Level Annotations

Branches:
Dungeon (1/15)

Altars:


Innate Abilities, Weirdness & Mutations

You are too large for most types of armour.
You have claws for hands.
Your natural rate of healing is unusually fast.
You are covered in fur. (AC +1)
You have tough skin. (AC +1)


Message History

You claw the giant cockroach!
You kill the giant cockroach!
The giant cockroach waves its antennae.
You closely miss the kobold. The kobold hits you with a +0 whip.
You closely miss the kobold. The kobold hits you with a +0 whip.
You barely miss the kobold. The kobold hits you with a +0 whip.
You barely miss the kobold. The kobold hits you with a +0 whip.
You closely miss the kobold. You claw the kobold.
You kill the kobold!
The giant cockroach waves its antennae.
You scratch the giant cockroach.
You kill the giant cockroach!
Items here: ( )) †††††.
Okay, then.
You start resting.
HP restored.
Found an amethyst potion.
You now have 48 gold pieces (gained 12).
You now have 62 gold pieces (gained 14).
h - an amethyst potion
Found a faded altar of an unknown god.
A rat comes into view.
Found a book of Minor Magic.
The rat misses you.
You scratch the rat.
You kill the rat!
Your Unarmed Combat skill increases to level 4!
No target in view!
No target in view!
You pick up a book of Minor Magic and begin reading...
You add the spells Magic Dart, Call Imp and Mephitic Cloud to your library.
Okay, then.
You see here a rat corpse.
Really walk into a travel-excluded area?
You are engulfed in blazing flames.
Ouch! That really hurt!
Unknown command.
You are engulfed in blazing flames.
Ouch! That really hurt!
You die...

#.§.# #..........
###...######.###.....
.§.$$(.§°○.#.# #...
§.....○§§...# #...
...?!○☼○...#####...
#...#####..........
#§§§# ########...
#°○§# #... #☼@☼# #...
.#####...###### ##..
#..............##
####..
#######.........#
#..... #.P...P....#
#..... #..P.P.♣...#
#..... #..PP.P...##
#..... #...♣_....##
#.....
##..♣P..P...####.....


There were no monsters in sight!

Vanquished Creatures
  2 endoplasms (D:1)
  3 giant cockroaches (D:1)
  2 goblins (D:1)
  6 kobolds (D:1)
  A quokka (D:1)
  A bat (D:1)
  4 rats (D:1)
19 creatures vanquished.

Vanquished Creatures (others)
  A frilled lizard (D:1)
  5 toadstools (D:1)
6 creatures vanquished.

Grand Total: 25 creatures vanquished

Notes
Turn   | Place    | Note
-------+----------+-------------------------------------------
     0 | D:1      | Doomgape the Troll Transmuter began the quest for the Orb.
     0 | D:1      | Reached XP level 1. HP: 18/18 MP: 1/1
   104 | D:1      | Reached XP level 2. HP: 22/26 MP: 2/2
   258 | D:1      | Found a faded altar of an unknown god.
   265 | D:1      | Reached skill level 4 in Unarmed Combat
   298 | D:1      | Engulfed by a cloud of flame

Illustrated notes

Levels and vault maps discovered:
D:1:      ldierk_walled_garden, layout_rooms, dreamdust_ecumenical_altar_grove,
          lemuel_flame_loot_1

Skill      XL: |  1  2 |
---------------+-------+-----
Unarmed Combat | 4 |  4.0
Fighting       | |  0.7
Dodging        | |  1.5
Spellcasting   | |  1.2
Transmutations | |  1.3

Action                   || total
-------------------------++-------
Melee: Unarmed           ||    34
       Punch             ||     1
Armor: Robe              ||    12
Dodge: Dodged            ||    15
